 Dungeon Crawl Stone Soup version 0.21.0 (webtiles) character file.

278378 Gaball the Fighter (level 19, -4/153 HPs)
             Began as a Demonspawn Abyssal Knight on Jan 6, 2018.
             Was the Champion of Lugonu.
             Slain by Mennas
             ... wielding a +3 sacred scourge of holy wrath
              (24 damage)
             ... on level 4 of the Vaults.
             The game lasted 02:45:53 (48344 turns).

Gaball the Fighter (Demonspawn Abyssal Knight)     Turns: 48344, Time: 02:45:54

Health: -4/153     AC: 18    Str: 28    XL:     19   Next: 63%
Magic:  29/29      EV: 33    Int: 11    God:    Lugonu [******]
Gold:   1257       SH: 18    Dex: 33    Spells: 24/36 levels left

rFire    + + +     SeeInvis .   f - +9 rapier (vamp)
rCold    + + +     Gourm    .   j - +2 shield {reflect}
rNeg     . . .     Faith    .   v - +3 leather armour of Light {*Drain rPois rC+ Dex+6}
rPois    +         Spirit   .   i - +2 hat
rElec    +         Reflect  +   b - +2 cloak {+Inv}
rCorr    +         Harm     .   n - +0 pair of gloves
MR       ++...     Clarity  +   (boots unavailable)
Stlth    +.........             (no amulet)
HPRegen  0.35/turn              p - ring "Rumnicoz" {rF+ MR+ Str+2 Dex+7}
MPRegen  0.21/turn              N - +2 ring of evasion

@: mighty, agile, resistant, berserk cooldown, hasted and slowed, glowing,
studying Dodging, silenced
A: claws 1, hooves 3, molten scales 3, clarity, cold resistance 1, demonic
guardian 2, dopey 1, low mp 1, spiny 2, strong 1, freezing cloud immunity
}: 2/15 runes: serpentine, barnacled
a: Renounce Religion, Evoke Invisibility


You were on level 4 of the Vaults.
You worshipped Lugonu.
Lugonu was exalted by your worship.
You were hungry.

You visited 7 branches of the dungeon, and saw 37 of its levels.
You visited the Abyss 1 time.

You collected 3154 gold pieces.
You spent 1897 gold pieces at shops.

Inventory:

Hand Weapons
 f - a +9 vampiric rapier (weapon)
Missiles
 Y - 9 throwing nets (quivered)
Armour
 b - a +2 cloak of invisibility (worn)
 i - a +2 hat (worn)
 j - a +2 shield of reflection (worn)
 n - a +0 pair of gloves (worn)
 v - the +3 leather armour of Light (worn) {*Drain rPois rC+ Dex+6}
   (You found it on level 4 of the Snake Pit)

   It affects your dexterity (+6).
   It protects you from cold.
   It protects you from poison.
   It causes draining when unequipped.
Jewellery
 p - the ring "Rumnicoz" (left hand) {rF+ MR+ Str+2 Dex+7}
   (You took it off a deep elf mage on level 1 of the Elven Halls)

   [ring of protection from magic]

   It affects your strength (+2).
   It affects your dexterity (+7).
   It protects you from fire.
   It affects your resistance to hostile enchantments.
 N - a +2 ring of evasion (right hand)
 R - an uncursed ring of protection from cold
 T - an uncursed ring of resist corrosion
Wands
 o - a wand of acid (10)
 C - a wand of digging (6)
 P - a wand of disintegration (26)
 S - a wand of random effects (36)
Scrolls
 a - a scroll of enchant weapon
 d - 12 scrolls of teleportation
 r - 6 scrolls of magic mapping
 t - a scroll of summoning
 y - 2 scrolls of enchant armour
 z - a scroll of silence
 A - 3 scrolls of fog
 D - 5 scrolls of blinking
 F - 8 scrolls of amnesia
 L - 2 scrolls of acquirement
 O - 3 scrolls of remove curse
 Q - 6 scrolls of identify
 Z - a scroll of fear
Potions
 e - 10 potions of curing
 k - 5 potions of mutation
 l - 2 potions of heal wounds
 q - 6 potions of brilliance
 s - 5 potions of flight
 u - 2 potions of agility
 w - 7 potions of degeneration
 x - 7 potions of haste
 B - 5 potions of invisibility
 E - 3 potions of magic
 G - 6 potions of resistance
 K - a potion of berserk rage
 V - 3 potions of might
 X - a potion of cancellation
Books
 m - a Necronomicon

   Spells                             Type                      Level
   a - Haunt                          Necromancy/Summoning         7
   b - Borgnjor's Revivification      Necromancy                   8
   c - Death's Door                   Charms/Necromancy            8
   d - Infestation                    Necromancy                   8
   e - Necromutation                  Transmutation/Necromancy     8
 I - the Papyrus of Evil Battle Magic
   (You found it on level 4 of the Shoals)

   Spells                             Type                      Level
   a - Sting                          Conjuration/Poison           1
   b - Dispel Undead                  Necromancy                   5
   c - Bolt of Cold                   Conjuration/Ice              6
   d - Death Channel                  Necromancy                   6
 J - a book of Battle

   Spells                             Type                      Level
   a - Infusion                       Charms                       1
   b - Shroud of Golubria             Charms/Translocation         2
   c - Song of Slaying                Charms                       2
   d - Spectral Weapon                Hexes/Charms                 3
   e - Regeneration                   Charms/Necromancy            3
 M - a book of Necromancy

   Spells                             Type                      Level
   a - Pain                           Necromancy                   1
   b - Animate Skeleton               Necromancy                   1
   c - Vampiric Draining              Necromancy                   3
   d - Regeneration                   Charms/Necromancy            3
   e - Animate Dead                   Necromancy                   4
   f - Borgnjor's Vile Clutch         Necromancy/Earth             5
 U - a manual of Dodging
 W - Mieprooc's Handbook of Arcane Weapons
   (You found it on level 1 of the Elven Halls)

   Spells                             Type                      Level
   a - Flame Tongue                   Conjuration/Fire             1
   b - Dazzling Spray                 Conjuration/Hexes            3
   c - Stone Arrow                    Conjuration/Earth            3
   d - Iskenderun's Mystic Blast      Conjuration                  4
   e - Lightning Bolt                 Conjuration/Air              5
Miscellaneous
 g - a lamp of fire
 h - a lamp of fire
Comestibles
 c - 62 rations


   Skills:
 - Level 14.4 Fighting
 + Level 10.2(13.2) Short Blades
   Level 14.0(15.1) Long Blades
 - Level 10.1 Armour
 - Level 11.7 Dodging
 * Level 13.8 Shields
 + Level 9.2 Spellcasting
 - Level 5.4 Charms
 - Level 13.6 Necromancy
 + Level 7.8 Invocations
 - Level 8.3 Evocations


You had 24 spell levels left.
You knew the following spells:

 Your Spells              Type           Power        Failure   Level  Hunger
a - Mephitic Cloud        Conj/Pois/Air  #.......     47%         3    ##.....
b - Regeneration          Chrm/Necr      ####......   1%          3    ##.....
c - Song of Slaying       Chrm           ###.....     2%          2    None
d - Animate Dead          Necr           N/A          1%          4    ####...


Dungeon Overview and Level Annotations

Branches:
Dungeon (15/15)            Temple (0/1) D:4            Lair (6/6) D:11
 Shoals (4/4) Lair:3        Snake (4/4) Lair:4        Slime (0/5) Lair:5
    Orc (2/2) D:9             Elf (2/3) Orc:2        Vaults (4/5) D:14
  Crypt (0/3) Vaults:3     Depths (0/5) D:15

Altars:
Ashenzari
Fedhas
Hepliaklqana
Kikubaaqudgha
Makhleb
Nemelex Xobeh
Sif Muna
Uskayaw
Vehumet
Wu Jian
Xom
Yredelemnul
Zin
The Shining One
Jiyva
Lugonu

Shops:
D:5 ?   D:6 :(**   D:8 %   D:9 (   D:15 ([**[   Orc:2 !![:   Shoals:2 [
Snake:1 [   Snake:3 }   Snake:4 ((   Vaults:2 *?=

Portals:
Pandemonium: Orc:2
Trove: Vaults:1 (give +7 demon blade)

Annotations:
D:14 1 transporter
Lair:3 exclusion: oklob plant
Lair:6 corrupted
Shoals:3 1 runed door
Shoals:4 corrupted
Snake:3 Bai Suzhen
Snake:4 corrupted
Vaults:4 Mennas


Innate Abilities, Weirdness & Mutations

You have hooves in place of feet.
You are completely covered in molten scales. (AC +4, rF+)
Your flesh is cold resistant. (rC+)
A demonic guardian rushes to your aid.
You are mostly covered in sharp spines.
You are immune to freezing clouds.
You have sharp fingernails.
You possess an exceptional clarity of mind.
You are dopey. (Int -2)
Your magical capacity is low. (-10% MP)
Your muscles are strong. (Str +2)


Message History

The vault sentinel hits your deep elf knight zombie with a long sword!
Unknown command.
You miss Mennas. You kick Mennas!
Mennas is severely wounded.
You block Mennas's attack. x2
Unknown command.
Mennas blocks your attack.
You kick Mennas, but do no damage.
Mennas is severely wounded.
Mennas hits you with a sacred scourge of holy wrath!
* * * LOW HITPOINT WARNING * * *
You convulse.
* * * LOW HITPOINT WARNING * * *
You block Mennas's attack.
The vault sentinel barely misses your deep elf knight zombie.
You feel much better.
Your orange demon seems less confused.
Mennas hits you with a sacred scourge of holy wrath!!
* * * LOW HITPOINT WARNING * * *
You convulse!!
You die...

#....# #.#...........##
#....#+######.########......
#..3.(........#......'......
#..).)pZ......#......###'##.
#....)........#......#....#.
.......(()c......#......#....#.
..............Z4.########'#####
..........c..A..........#......
.....###+#####@.........#......
..... #..........#...... .....
#########Z)#...... .....
#ZZ#...... #...... #..#......
+.......#..####### #...
...#..Z...ZZ. ....#....##'##
....#....#....


You could see Mennas, a vault sentinel, 2 yaktaurs, a friendly orange demon, a
friendly deep elf knight zombie (confused) and a friendly deep elf mage zombie
(confused).

Vanquished Creatures
  Rupert (D:15)
  Gastronok (D:11)
  Polyphemus (Shoals:2)
  Donald (Vaults:4)
  A frost giant (Vaults:2)
  The ghost of Squigly the Carver, a journeyman MiFi of Cheibriados (Snake:3)
  2 fire giants
  6 vault wardens
  An orc warlord (Orc:1)
  A ghost moth (Lair:4)
  5 stone giants
  Aizul (Snake:2)
  9 ironheart preservers
  2 entropy weavers
  2 merfolk javelineers (Shoals:4)
  4 merfolk impalers
  7 yaktaur captains
  Snorg (Lair:5)
  Erolcha (D:13)
  A rakshasa (Vaults:3)
  6 fire dragons
  2 great orbs of eyes
  11 vault guards
  10 naga warriors
  2 death knights (Vaults:1)
  6 ogre magi
  2 ice dragons
  4 hydras
  A merfolk avatar (Shoals:1)
  3 centaur warriors
  6 anacondas
  A death yak (Lair:6)
  8 merfolk aquamancers
  2 deep troll earth magi (Vaults:3)
  2 deep troll shamans
  10 two-headed ogres
  The ghost of removed the Covert, a journeyman DEAr of Dithmenos (D:9)
  4 dancing weapons
  6 naga sharpshooters
  5 orc high priests (Orc:2)
  4 shock serpents (Snake:3)
  9 deep elf knights
  A sixfirhy (Orc:2)
  A salamander mystic (Snake:2)
  2 flayed ghosts
  9 deep trolls
  10 sea snakes
  4 naga ritualists
  An unseen horror (shapeshifter) (D:13)
  2 unseen horrors
  3 wizards
  A phantasmal warrior (Vaults:3)
  3 harpies (Shoals:4)
  3 necromancers
  13 ironbrand convokers
  13 orc knights
  2 wolf spiders (Vaults:1)
  7 deep elf archers
  2 oklob plants (Lair:3)
  3 manticores
  7 mana vipers
  38 deep elf magi
  5 orc sorcerers
  6 salamanders
  A stone giant zombie (Vaults:3)
  5 fauns
  17 ugly things
  4 cyclopes
  4 centaur zombies
  12 naga magi
  6 water nymphs
  4 elephants
  5 merfolk sirens
  2 guardian serpents
  10 vault sentinels
  21 black mambas
  6 spiny frogs
  An orange demon (Orc:2)
  4 centaur skeletons
  Psyche (D:8)
  A human zombie (Vaults:3)
  A yaktaur zombie (Vaults:3)
  7 komodo dragons
  5 rime drakes
  4 kobold demonologists
  5 freezing wraiths
  A komodo dragon (shapeshifter) (Vaults:2)
  A yaktaur skeleton (Vaults:3)
  25 yaktaurs
  An ice devil (Orc:2)
  8 trolls
  4 human skeletons
  11 merfolk
  A hornet (shapeshifter) (Vaults:2)
  Grinder (D:5)
  10 blink frogs
  3 hornets
  12 hippogriffs
  2 wind drakes
  A wind drake (shapeshifter) (Elf:2)
  A human simulacrum (Vaults:2)
  6 snapping turtles
  A stone giant simulacrum (Vaults:3)
  20 slime creatures
  7 dream sheep
  A blink frog (shapeshifter) (Vaults:4)
  A centaur simulacrum (D:15)
  An air elemental (Elf:1)
  4 redbacks
  7 water elementals
  2 shadows
  40 yaks
  9 wyverns
  A hog (D:10)
  4 basilisks
  5 fire elementals
  A human (D:10)
  A basilisk (shapeshifter) (Vaults:3)
  A hog (shapeshifter) (Vaults:3)
  3 steam dragons
  3 wraiths
  2 vampire mosquitoes (D:14)
  2 chaos spawn (Orc:2)
  3 hungry ghosts
  A redback simulacrum (D:15)
  32 nagas
  4 wargs
  8 porcupines
  3 acid dragons
  19 water moccasins
  A hell hound (D:15)
  4 swamp drakes (Lair:6)
  3 ice beasts
  A hornet zombie (D:6)
  An eye of draining (D:14)
  45 orc warriors
  3 sky beasts
  An ettin simulacrum (Vaults:3)
  2 black bears
  An ice beast (shapeshifter) (Vaults:1)
  3 phantoms
  9 boggarts
  13 wolves
  13 ogres
  11 centaurs
  6 big kobolds
  6 crocodiles
  11 bullfrogs
  2 wyvern zombies
  3 earth elementals (Elf:1)
  A water moccasin zombie (D:6)
  A wyvern skeleton (D:10)
  4 scorpions
  4 killer bees (D:12)
  15 wights
  3 electric eels
  4 howler monkeys
  6 crimson imps
  4 jellies
  A gnoll shaman (D:6)
  16 orc priests
  12 hounds
  A quasit (D:10)
  3 bullfrog skeletons
  Ijyb (D:4)
  Jessica (D:2)
  10 iguanas
  15 orc wizards
  3 hell rats
  7 worker ants
  2 hound zombies
  A hound skeleton (D:6)
  A howler monkey skeleton (D:4)
  A worker ant zombie (D:7)
  7 gnolls
  15 adders
  10 river rats (Lair:4)
  3 shadow imps
  An ooze (D:6)
  An adder zombie (D:6)
  2 adder skeletons
  2 worms (D:2)
  4 dart slugs
  4 leopard geckos
  65 orcs
  4 bats
  5 giant cockroaches
  5 goblins
  5 hobgoblins
  5 jackals
  18 kobolds
  3 quokkas
  2 ball pythons
  4 frilled lizards
  7 rats
1118 creatures vanquished.

Vanquished Creatures (collateral kills)
  3 nagarajas (Snake:4)
  2 vault wardens (Vaults:3)
  2 ironheart preservers (Vaults:1)
  2 very ugly things (Vaults:1)
  Azrael (D:15)
  A spark wasp (Lair:5)
  A merfolk javelineer (Shoals:4)
  2 merfolk impalers (Shoals:4)
  A fire dragon (Vaults:2)
  A rakshasa (Vaults:3)
  3 hydras
  A naga warrior (Snake:4)
  4 vault guards
  2 merfolk avatars
  A death knight (Vaults:3)
  A centaur warrior (Vaults:3)
  A satyr (Lair:4)
  A two-headed ogre (Vaults:2)
  A deep troll shaman (Vaults:3)
  An alligator (Lair:6)
  4 death yaks
  A deep troll earth mage (Vaults:3)
  2 deep elf knights (Elf:1)
  A naga sharpshooter (Snake:4)
  A shock serpent (Snake:4)
  3 deep trolls
  A wizard (Vaults:3)
  A torturous demonspawn (Orc:2)
  A swamp dragon (Lair:6)
  2 sea snakes (Shoals:4)
  A harpy (Shoals:4)
  3 ironbrand convokers
  A deep elf mage (Elf:1)
  An orc knight (Orc:2)
  2 mana vipers (Snake:3)
  An orc sorcerer (Orc:2)
  8 ugly things
  An oklob plant (Lair:3)
  3 manticores
  3 salamanders
  A vault sentinel (Vaults:1)
  A merfolk siren (Shoals:4)
  2 elephants (Lair:5)
  3 black mambas
  3 water nymphs
  A spiny frog (Lair:1)
  2 kobold demonologists
  4 yaktaurs
  2 merfolk (Shoals:4)
  A jumping spider (Vaults:2)
  A wind drake (Shoals:3)
  8 blink frogs
  A hornet (shapeshifter) (Vaults:3)
  2 hippogriffs
  2 slime creatures
  A water elemental (Elf:1)
  A hog (D:10)
  A basilisk (Lair:2)
  2 redbacks (Vaults:3)
  17 yaks
  A steam dragon (D:10)
  3 nagas
  A hell hound (D:15)
  A water moccasin (Lair:6)
  5 orc warriors
  2 ogres
  2 wolves (Lair:6)
  3 centaurs
  A crocodile (Lair:5)
  2 bullfrogs
  A water moccasin zombie (D:5)
  A howler monkey (D:14)
  An orc wizard (Vaults:3)
  A jelly (D:5)
  2 orcs
  A jackal (D:11)
  A kobold (D:11)
  A jackal zombie (D:6)
  A fungus (Lair:3)
  A plant (Shoals:3)
161 creatures vanquished.

Vanquished Creatures (others)
  The ghost of Daviar the Severer, an adept DDFi of Makhleb (Shoals:4)
  4 nagarajas (Snake:4)
  Ilsuiw (Shoals:4)
  3 merfolk impalers (Shoals:4)
  6 naga warriors (Snake:4)
  2 alligator snapping turtles (Shoals:4)
  2 hydras (Lair:6)
  A merfolk avatar (Shoals:4)
  2 merfolk aquamancers (Shoals:4)
  A death yak (Lair:6)
  A satyr (Shoals:4)
  2 orc high priests (Orc:2)
  A shock serpent (Snake:3)
  7 naga sharpshooters (Snake:4)
  2 sea snakes (Shoals:4)
  4 naga ritualists (Snake:4)
  An infernal demonspawn (Orc:2)
  2 lindwurms (Lair:6)
  A harpy (Shoals:4)
  A gelid demonspawn (Orc:2)
  A salamander (Snake:4)
  An orc sorcerer (Orc:2)
  4 manticores (Shoals:4)
  3 black mambas
  5 merfolk sirens (Shoals:4)
  4 water nymphs (Shoals:4)
  9 naga magi (Snake:4)
  A torpor snail (Lair:6)
  3 spiny frogs (Lair:6)
  2 rime drakes (Lair:6)
  A komodo dragon (Lair:6)
  12 merfolk (Shoals:4)
  5 dream sheep
  A snapping turtle (Shoals:4)
  6 yaks (Lair:6)
  9 nagas (Snake:4)
  2 water moccasins (Lair:6)
  A crocodile (Lair:6)
  12 fungi
  18 plants
  50 starspawn tentacles
195 creatures vanquished.

Grand Total: 1474 creatures vanquished

Notes
Turn   | Place    | Note
-------+----------+-------------------------------------------
     0 | Abyss:1  | Gaball the Demonspawn Abyssal Knight began the quest for the Orb.
     0 | Abyss:1  | Reached XP level 1. HP: 18/18 MP: 2/2
    51 | Abyss:2  | Got an ichor-stained quarterstaff
    89 | Abyss:4  | Found a corrupted altar of Lugonu.
    96 | Abyss:4  | Noticed an iron imp
    96 | D:1      | Escaped the Abyss
   139 | D:1      | Reached * piety under Lugonu
   337 | D:1      | Gained mutation: You are partially covered in sharp spines. [demonic ancestry]
   337 | D:1      | Reached XP level 2. HP: 24/24 MP: 3/3
  1058 | D:2      | Gained mutation: You are mostly covered in sharp spines. [demonic ancestry]
  1058 | D:2      | Reached XP level 3. HP: 25/29 MP: 4/4
  1080 | D:2      | Noticed Jessica
  1086 | D:2      | Killed Jessica
  1099 | D:2      | Reached XP level 4. HP: 27/35 MP: 5/5
  1106 | D:2      | Found a burning altar of Makhleb.
  1701 | D:3      | Gained mutation: You possess an exceptional clarity of mind. [potion of mutation]
  1701 | D:3      | Gained mutation: Your spells are a little easier to cast, but a little less powerful. [potion of mutation]
  1701 | D:3      | Gained mutation: Your muscles are strong. (Str +2) [potion of mutation]
  1701 | D:3      | Lost mutation: Your spells are a little easier to cast, but a little less powerful. [potion of mutation]
  1945 | D:3      | Found a sparkling altar of Nemelex Xobeh.
  1956 | D:3      | Found a glowing golden altar of the Shining One.
  2431 | D:3      | Reached XP level 5. HP: 41/41 MP: 6/6
  2722 | D:4      | Reached skill level 5 in Long Blades
  2777 | D:4      | Noticed Ijyb
  2796 | D:4      | Paralysed by Ijyb for 5 turns
  2825 | D:4      | Paralysed by Ijyb for 5 turns
  2828 | D:4      | Killed Ijyb
  3006 | D:4      | Found a staircase to the Ecumenical Temple.
  3129 | D:4      | Gained mutation: A weak demonic guardian rushes to your aid. [demonic ancestry]
  3129 | D:4      | Reached XP level 6. HP: 29/47 MP: 7/7
  3313 | D:5      | Entered Level 5 of the Dungeon
  3324 | D:5      | Found Jetarch's Magic Scroll Shop.
  3332 | D:5      | Bought a scroll of teleportation for 30 gold pieces
  3332 | D:5      | Bought a scroll of identify for 20 gold pieces
  3391 | D:5      | Reached ** piety under Lugonu
  3398 | D:5      | Found a shimmering altar of Xom.
  3425 | D:5      | Found a shimmering altar of Xom.
  3471 | D:5      | Reached XP level 7. HP: 47/52 MP: 8/8
  3509 | D:5      | Found a shattered altar of Ashenzari.
  3509 | D:5      | Found an ornate altar of the Wu Jian Council.
  3596 | D:5      | Found a hide-covered altar of Uskayaw.
  3645 | D:5      | Noticed Grinder
  3646 | D:5      | Paralysed by Grinder for 4 turns
  3667 | D:5      | Killed Grinder
  4037 | D:6      | Found Eqap's Book Boutique.
  4176 | D:6      | Found a sparkling altar of Nemelex Xobeh.
  4270 | D:6      | Found Xouh's Serpentskin Sales.
  4298 | D:6      | Gained mutation: You have large cloven feet. [demonic ancestry]
  4298 | D:6      | Reached XP level 8. HP: 58/58 MP: 9/9
  4552 | D:6      | Reached *** piety under Lugonu
  4579 | D:6      | Found Haeng's Assorted Antiques.
  4582 | D:6      | Bought a scroll of teleportation for 78 gold pieces
  4582 | D:6      | Bought a potion of heal wounds for 130 gold pieces
  4873 | D:6      | Reached skill level 10 in Long Blades
  4960 | D:6      | Found Tumyquah's Antique Weapon Shop.
  5610 | D:7      | Reached XP level 9. HP: 63/63 MP: 10/10
  6008 | D:7      | Found a deep blue altar of Sif Muna.
  6275 | D:8      | Found Ymioh's Food Boutique.
  6359 | D:8      | Noticed Psyche
  6367 | D:8      | Killed Psyche
  7509 | D:9      | Found a staircase to the Orcish Mines.
  7759 | D:9      | Noticed removed's ghost (journeyman DEAr)
  7804 | D:9      | Killed removed's ghost
  7804 | D:9      | Reached skill level 5 in Fighting
  7804 | D:9      | Gained mutation: You are partially covered in molten scales. (AC +2) [demonic ancestry]
  7804 | D:9      | Reached XP level 10. HP: 75/75 MP: 11/11
  7817 | D:9      | Reached **** piety under Lugonu
  7842 | D:9      | Found a glowing silver altar of Zin.
  7938 | D:9      | Found Waufu's Weapon Shop.
  8308 | D:10     | Entered Level 10 of the Dungeon
  8415 | D:10     | Killed an unseen horror
  8475 | D:10     | Reached skill level 1 in Evocations
  9109 | D:10     | Reached skill level 5 in Armour
  9438 | D:11     | Reached XP level 11. HP: 84/84 MP: 13/13
  9464 | D:11     | Learned a level 3 spell: Mephitic Cloud
  9649 | D:11     | Noticed a five-headed hydra
  9671 | D:11     | Reached ***** piety under Lugonu
  9673 | D:11     | Noticed an eight-headed hydra
  9674 | D:11     | Killed a six-headed hydra
  9694 | D:11     | Killed an eight-headed hydra
  9694 | D:11     | Reached skill level 5 in Evocations
 10167 | D:11     | Noticed Gastronok
 10264 | D:11     | Killed Gastronok
 10515 | D:11     | Found a staircase to the Lair.
 10598 | D:11     | Noticed a deep elf mage
 10607 | D:11     | Killed a deep elf mage
 11163 | Lair:1   | Entered Level 1 of the Lair of Beasts
 11383 | Lair:1   | Gained mutation: A demonic guardian rushes to your aid. [demonic ancestry]
 11383 | Lair:1   | Reached XP level 12. HP: 92/94 MP: 17/17
 12268 | Lair:2   | Noticed a five-headed hydra
 12320 | Lair:2   | Killed a five-headed hydra
 13082 | Lair:2   | Noticed an eight-headed hydra
 13086 | Lair:2   | Killed an eight-headed hydra
 13718 | Lair:3   | Found a staircase to the Shoals.
 13884 | Lair:3   | Reached skill level 5 in Invocations
 14310 | Lair:3   | Reached skill level 10 in Fighting
 14474 | Lair:3   | Found a blossoming altar of Fedhas.
 14623 | Lair:3   | You fall through a shaft for 3 floors!
 14623 | Lair:6   | Entered Level 6 of the Lair of Beasts
 14636 | Lair:6   | Noticed a four-headed hydra
 14636 | Lair:6   | Corrupted Lair:6
 14636 | Lair:6   | Noticed a yellow draconian
 14641 | Lair:6   | Noticed a starcursed mass
 14641 | Lair:6   | Noticed a starcursed mass
 14642 | Lair:6   | Killed a five-headed hydra
 14672 | Lair:6   | Killed a death yak
 14709 | Lair:6   | Killed a five-headed hydra
 14941 | Lair:6   | Noticed a seven-headed hydra
 14951 | Lair:6   | Killed a seven-headed hydra
 15055 | Lair:4   | Gained mutation: You have hoof-like feet. [demonic ancestry]
 15055 | Lair:4   | Reached XP level 13. HP: 103/103 MP: 19/19
 15863 | Lair:4   | Noticed a minotaur
 15863 | Lair:4   | a six-headed hydra changed into a minotaur
 15871 | Lair:4   | a minotaur changed into something unseen
 15883 | Lair:4   | Killed a ghost moth
 15938 | Lair:4   | Reached ****** piety under Lugonu
 15968 | Lair:4   | Found a staircase to the Snake Pit.
 16857 | Lair:5   | Found a viscous altar of Jiyva.
 16857 | Lair:5   | Found a staircase to the Slime Pits.
 17267 | Lair:5   | Noticed Snorg
 17276 | Lair:5   | Killed Snorg
 17420 | Lair:5   | Noticed a spark wasp
 17420 | Lair:5   | a six-headed hydra changed into a spark wasp
 17429 | Lair:5   | Killed a spark wasp
 18552 | Lair:6   | Reached skill level 10 in Armour
 18937 | Lair:6   | Reached skill level 1 in Dodging
 19332 | Lair:6   | Noticed a fire dragon
 19346 | Lair:6   | Killed a fire dragon
 19631 | D:12     | Gained mutation: You have hooves in place of feet. [demonic ancestry]
 19631 | D:12     | Reached XP level 14. HP: 102/116 MP: 20/20
 19821 | D:12     | Reached skill level 5 in Dodging
 20659 | D:13     | Noticed Erolcha
 20685 | D:13     | Killed Erolcha
 21850 | Orc:1    | Entered Level 1 of the Orcish Mines
 21917 | Orc:1    | Noticed an orc warlord
 21925 | Orc:1    | Killed an orc warlord
 22588 | Orc:2    | Entered Level 2 of the Orcish Mines
 22925 | Orc:2    | Found a staircase to the Elven Halls.
 23320 | Orc:2    | Found Joklul's Distillery.
 23351 | Orc:2    | Found Onialeto's Distillery.
 23381 | Orc:2    | Reached skill level 10 in Dodging
 23401 | Orc:2    | Bought a potion of might for 60 gold pieces
 23403 | Orc:2    | Bought a potion of heal wounds for 80 gold pieces
 23403 | Orc:2    | Bought 2 potions of invisibility for 256 gold pieces
 23403 | Orc:2    | Bought a potion of haste for 160 gold pieces
 24090 | Orc:2    | Paralysed by an orc sorcerer for 6 turns
 25086 | Orc:2    | Found Yzoaw's Book Shoppe.
 25086 | Orc:2    | Found Buatin's Antique Armour Emporium.
 25087 | Orc:2    | Found a one-way gate leading to the halls of Pandemonium.
 25154 | Orc:2    | Bought a book of Battle for 600 gold pieces
 25165 | Orc:2    | Learned a level 3 spell: Regeneration
 25168 | Orc:2    | Learned a level 2 spell: Song of Slaying
 25173 | Orc:2    | Learned a level 4 spell: Animate Dead
 25465 | Snake:1  | Entered Level 1 of the Snake Pit
 25722 | Snake:1  | Gained mutation: You are mostly covered in molten scales. (AC +3) [demonic ancestry]
 25722 | Snake:1  | Reached XP level 15. HP: 127/127 MP: 21/21
 26195 | Snake:1  | Got a steaming rapier
 26196 | Snake:1  | Identified the +8 rapier "Beetle's Death Toll" {pierce, Int+3 SInv} (You found it on level 1 of the Snake Pit)
 26214 | Snake:1  | Found Ecwaph's Armour Emporium.
 26496 | Snake:1  | Reached skill level 1 in Necromancy
 26532 | Snake:1  | Reached skill level 1 in Spellcasting
 26532 | Snake:1  | Reached skill level 1 in Charms
 26575 | Snake:1  | Reached skill level 1 in Short Blades
 26575 | Snake:1  | Reached skill level 1 in Shields
 28016 | Snake:2  | Found a hazy altar of Hepliaklqana.
 28679 | Snake:2  | Noticed Aizul
 28691 | Snake:2  | Killed Aizul
 29276 | Snake:3  | Identified 2 scrolls of acquirement
 29452 | Snake:3  | Found Panlurax's Gadget Emporium.
 29503 | Snake:3  | Noticed Squigly's ghost (journeyman MiFi)
 29524 | Snake:3  | Killed Squigly's ghost
 29908 | Snake:3  | Reached skill level 5 in Shields
 31565 | Snake:3  | Noticed Bai Suzhen
 32114 | Snake:4  | Entered Level 4 of the Snake Pit
 32118 | Snake:4  | Found Peful's Antique Weapon Boutique.
 32422 | Snake:4  | Gained mutation: You are completely covered in molten scales. (AC +4, rF+) [demonic ancestry]
 32422 | Snake:4  | Reached XP level 16. HP: 125/134 MP: 23/23
 32644 | Snake:4  | Reached skill level 5 in Spellcasting
 32680 | Snake:4  | Reached skill level 5 in Short Blades
 32742 | Snake:4  | Found Watech's Antique Weapon Shop.
 32774 | Snake:4  | Got a twisted leather armour
 32807 | Snake:4  | Identified the +3 leather armour of Light {*Drain rPois rC+ Dex+6} (You found it on level 4 of the Snake Pit)
 33849 | Snake:4  | Corrupted Snake:4
 33849 | Snake:4  | Noticed a tentacled starspawn
 33852 | Snake:4  | Gained mutation: You have sharp fingernails. [a neqoxec]
 34411 | Snake:4  | Got a serpentine rune of Zot
 34744 | Shoals:1 | Entered Level 1 of the Shoals
 35784 | Shoals:2 | Found Xiliuvin's Antique Armour Shop.
 36283 | Shoals:2 | Noticed Polyphemus
 36319 | Shoals:2 | Killed Polyphemus
 36565 | Shoals:3 | Found a runed door.
 36597 | Shoals:3 | Reached skill level 5 in Necromancy
 37250 | Shoals:4 | Entered Level 4 of the Shoals
 37574 | Shoals:4 | Corrupted Shoals:4
 37574 | Shoals:4 | Noticed a tentacled starspawn
 37574 | Shoals:4 | Noticed a tentacled starspawn
 37574 | Shoals:4 | Noticed a profane servitor
 37574 | Shoals:4 | Noticed a lich
 37575 | Shoals:4 | Noticed a tentacled starspawn
 37585 | Shoals:4 | Noticed a tentacled starspawn
 37589 | Shoals:4 | Killed Ilsuiw
 37630 | Shoals:4 | Killed Daviar's ghost
 37653 | Shoals:4 | Noticed a tentacled starspawn
 37769 | Shoals:4 | Identified the Papyrus of Evil Battle Magic
 38058 | Shoals:4 | Got a barnacled rune of Zot
 38849 | Elf:1    | Entered Level 1 of the Elven Halls
 38856 | Elf:1    | Gained mutation: Your flesh is cold resistant. (rC+) [demonic ancestry]
 38856 | Elf:1    | Reached XP level 17. HP: 140/140 MP: 25/25
 38864 | Elf:1    | Reached skill level 5 in Charms
 39475 | Elf:1    | Identified Mieprooc's Handbook of Arcane Weapons
 39548 | Elf:1    | Gained mutation: You are dopey. (Int -2) [a neqoxec]
 39554 | Elf:1    | Gained mutation: Your magical capacity is low. (-10% MP) [a neqoxec]
 39571 | Elf:1    | Found a radiant altar of Vehumet.
 39679 | Elf:1    | Reached skill level 10 in Shields
 40086 | Elf:1    | Got a bound iron ring
 40098 | Elf:1    | Identified the ring "Rumnicoz" {rF+ MR+ Str+2 Dex+7} (You took it off a deep elf mage on level 1 of the Elven Halls)
 41628 | D:14     | Found a transporter.
 41633 | D:14     | Found a corrupted altar of Lugonu.
 41902 | D:14     | Found a gate to the Vaults.
 42184 | D:15     | Entered Level 15 of the Dungeon
 42244 | D:15     | Found Jajalois's General Store.
 42261 | D:15     | Found Uduikkam's Assorted Antiques.
 42270 | D:15     | Found Garhicw's Armour Shop.
 42276 | D:15     | Bought a scroll of blinking for 165 gold pieces
 42276 | D:15     | Bought a scroll labeled XYICUY JEMILA for 22 gold pieces
 42290 | D:15     | Noticed Azrael
 42310 | D:15     | Killed Azrael
 42483 | D:15     | Noticed Rupert
 42497 | D:15     | Killed Rupert
 42547 | D:15     | Found a staircase to the Depths.
 42697 | D:15     | Reached skill level 10 in Necromancy
 42719 | D:15     | Found Valu's Antique Armour Shoppe.
 42845 | D:15     | Found Adiufoz's Antique Weapon Shop.
 42948 | Vaults:1 | Entered Level 1 of the Vaults
 43239 | Vaults:1 | Reached XP level 18. HP: 128/147 MP: 25/25
 43868 | Vaults:1 | Found the +9 staff of Wucad Mu {channel}
 44491 | Vaults:1 | Found a portal to a secret trove of treasure.
 44769 | Vaults:2 | Found Xoluhao's General Store.
 44796 | Vaults:2 | Bought a scroll of blinking for 75 gold pieces
 44796 | Vaults:2 | Bought a scroll of fear for 35 gold pieces
 45280 | Vaults:2 | Found Wihuizan's Jewellery Shop.
 45333 | Vaults:2 | Found Vuelucs's Magic Scroll Shoppe.
 45337 | Vaults:2 | Bought a scroll of silence for 82 gold pieces
 45337 | Vaults:2 | Bought a scroll of summoning for 104 gold pieces
 45350 | Vaults:2 | Paralysed by a great orb of eyes for 3 turns
 46483 | Vaults:3 | Gained mutation: You are immune to freezing clouds. [demonic ancestry]
 46483 | Vaults:3 | Reached XP level 19. HP: 153/153 MP: 28/28
 46538 | Vaults:3 | Found a staircase to the Crypt.
 46538 | Vaults:3 | Found a basalt altar of Yredelemnul.
 46539 | Vaults:3 | Found an ancient bone altar of Kikubaaqudgha.
 47942 | Vaults:4 | Reached skill level 10 in Short Blades
 48073 | Vaults:4 | Noticed Donald
 48083 | Vaults:4 | Killed Donald
 48315 | Vaults:4 | Noticed Mennas
 48327 | Vaults:4 | HP: 6/229 [Mennas/sacred scourge of holy wrath (24)]
 48344 | Vaults:4 | Slain by Mennas

Skill      XL: |  1  2  3  4  5  6  7  8  9 10 11 12 13 14 15 16 17 18 19 |
---------------+----------------------------------------------------------+-----
Long Blades    | 2 3 4 5 7 8 10 12 13 14 | 14.0
Armour         | 3 5 6 8 10 | 10.1
Fighting       | 5 7 8 10 12 14 | 14.4
Evocations     | 3 7 8 |  8.3
Invocations    | 6 7 |  7.8
Dodging        | 4 11 | 11.7
Necromancy     | 2 7 10 12 13 | 13.6
Spellcasting   | 4 5 6 8 9 |  9.2
Charms         | 2 4 5 |  5.4
Short Blades   | 4 6 8 9 10 | 10.2
Shields        | 6 9 11 12 13 | 13.8

Action                   |  1- 3 |  4- 6 |  7- 9 | 10-12 | 13-15 | 16-18 | 19-21 || total
-------------------------+-------+-------+-------+-------+-------+-------+-------++-------
Melee: Falchion          |    54 |   146 |   158 |       |   186 |       |       ||   544
       Kick              |       |       |    68 |   167 |   460 |  1056 |   300 ||  2051
       Scimitar          |       |       |   148 |   521 |   633 |       |       ||  1302
       Rapier            |       |       |       |       |   444 |  1812 |   440 ||  2696
Throw: Throwing net      |       |       |       |       |       |     1 |       ||     1
 Cast: Regeneration      |       |       |       |       |       |     5 |       ||     5
       Animate Dead      |       |       |       |       |       |     8 |     5 ||    13
Invok: Depart the Abyss  |     1 |       |       |       |       |       |       ||     1
       Corrupt           |       |       |       |     1 |       |     2 |       ||     3
       Banish            |       |       |       |       |     9 |     2 |       ||    11
Evoke: Lamp of fire      |       |     1 |     1 |     2 |     4 |     8 |     1 ||    17
       Wand              |       |       |     1 |    34 |    81 |    11 |       ||   127
  Use: Potion            |       |     2 |     1 |     2 |     6 |     7 |    12 ||    30
       Scroll            |       |     6 |       |     8 |    18 |    17 |     1 ||    50
 Stab: Paralysed         |       |       |     7 |    24 |    32 |     1 |       ||    64
       Distracted        |       |       |     1 |     3 |     1 |    22 |     6 ||    33
       Invisible         |       |       |       |       |       |     2 |       ||     2
       Sleeping          |       |       |       |       |       |     1 |       ||     1
  Eat: Chunk             |     1 |     6 |    15 |    18 |    39 |    35 |     7 ||   121
       Ration            |       |       |       |     2 |     6 |     6 |       ||    14
Armor: Chain mail        |    25 |    24 |       |   195 |   116 |       |       ||   360
       Leather armour    |     2 |       |       |       |       |   196 |    48 ||   246
       Plate armour      |       |    57 |   144 |    69 |       |       |       ||   270
       Skin              |       |       |    22 |    12 |       |       |       ||    34
       Fire dragon scale |       |       |       |       |   240 |     3 |       ||   243
Dodge: Dodged            |    25 |    10 |    37 |   157 |   459 |   645 |   175 ||  1508
Block: Buckler           |       |       |       |    14 |    95 |       |       ||   109
       Shield            |       |       |       |       |    81 |   811 |   207 ||  1099
       Reflection        |       |       |       |       |       |       |     3 ||     3
       Rpst.: Falchion   |     7 |     2 |     7 |       |    15 |       |       ||    31
       Scimitar          |       |       |     5 |    39 |    60 |       |       ||   104
